 Dungeon Crawl Stone Soup version 0.18-a0-844-g9229740 (webtiles) character file.

9 cluie the Magician (level 2, -4/19 HPs)
             Began as a Demonspawn Wizard on Dec 18, 2015.
             Was an Initiate of Ashenzari.
             Slain by a hobgoblin
             ... wielding a +0 club
              (5 damage)
             ... on level 1 of the Dungeon.
             The game lasted 00:00:37 (312 turns).

cluie the Magician (Demonspawn Wizard)               Turns: 312, Time: 00:00:37

Health: -4/19      AC:  2    Str:  7    XL:     2   Next: 6%
Magic:  2/6        EV: 12    Int: 19    God:    Ashenzari [......]
Gold:   32         SH:  0    Dex: 11    Spells: 1 memorised, 6 levels left

rFire  . . .     SeeInvis .     e - +0 dagger
rCold  . . .     Gourm    .     a - +0 robe
rNeg   . . .     Faith    .     (no shield)
rPois  .         Spirit   .     b - +0 hat
rElec  .         Dismiss  .     (no cloak)
rCorr  .         Reflect  .     (no gloves)
SustAt .         Harm     .     (no boots)
MR     .....                    (no amulet)
Stlth  ++........               (no ring)
                                (no ring)

@: very slightly contaminated, not resistant to hostile enchantments, unstealthy
A: antennae 1
a: Renounce Religion


You were on level 1 of the Dungeon.
You worshipped Ashenzari.
Ashenzari was noncommittal.
You were not hungry.

You visited 1 branch of the dungeon, and saw 1 of its levels.

You collected 32 gold pieces.

Inventory:

Hand Weapons
 e - a +0 dagger (weapon)
Armour
 a - a +0 robe (worn)
 b - a +0 hat (worn)
Books
 c - a book of Minor Magic

   Spells                             Type                      Level
   a - Magic Dart                     Conjuration                  1
   b - Blink                          Translocation                2
   c - Call Imp                       Summoning                    2
   d - Repel Missiles                 Charms/Air                   2
   e - Slow                           Hexes                        2
   f - Conjure Flame                  Conjuration/Fire             3
   g - Mephitic Cloud                 Conjuration/Poison/Air       3
Comestibles
 d - 3 bread rations


   Skills:
 + Level 0.0 Fighting
 + Level 2.0 Dodging
 - Level 1.7 Stealth
 + Level 3.1 Spellcasting
 * Level 1.5 Conjurations
   Level 1.0 Summonings
   Level 0.8 Translocations


You had 6 spell levels left.
You knew the following spells:

 Your Spells              Type           Power        Failure   Level  Hunger
a - Magic Dart            Conj           #...         10%         1    None


Dungeon Overview and Level Annotations

Branches:
Dungeon (1/15)

Altars:
Ashenzari


Innate Abilities, Weirdness & Mutations

You have a pair of small antennae on your head.


Message History

The hobgoblin hits you with a club.
* * * LOW HITPOINT WARNING * * *
Your magical contamination has completely faded away.
Casting: Magic Dart
Confirm with . or Enter, or press ? or * to list all spells.
Aiming: Magic Dart
Press: ? - help, Shift-Dir - straight line, f - hobgoblin
Aim: a hobgoblin, wielding a club (heavily wounded)
The magic dart hits the hobgoblin.
The hobgoblin is severely wounded.
The hobgoblin barely misses you.
Casting: Magic Dart
Confirm with . or Enter, or press ? or * to list all spells.
Aiming: Magic Dart
Press: ? - help, Shift-Dir - straight line, f/p - hobgoblin
Aim: a hobgoblin, wielding a club (severely wounded)
You miscast Magic Dart.
You are very lightly contaminated with residual magic.
Nothing appears to happen.
The hobgoblin hits you with a club.
You die...

#.# ....... #.# #...# #
#.# ## ####...####.# #.#
###..#⌠.##)##.⌠... #.#
#..............# #.#
#.#####.......## ##.#
##.#...#.......# ##..#
#......+..._...+
##...###..#...#.@.....#
...........####.g.....##
##...####....#.........#
##.## ###..#⌠.#.'...⌠#
#. #..####...##.# #.
#.....#...# ... #.
#.#...#...# ## #.
#.....##†##....
####.........#


You could see a hobgoblin.

Vanquished Creatures
  A giant cockroach (D:1)
  A kobold (D:1)
  2 giant newts (D:1)
  2 goblins (D:1)
  5 rats (D:1)
11 creatures vanquished.

Notes
Turn   | Place    | Note
--------------------------------------------------------------
     0 | D:1      | cluie the Demonspawn Wizard began the quest for the Orb.
     0 | D:1      | Reached XP level 1. HP: 13/13 MP: 4/4
   274 | D:1      | Found a shattered altar of Ashenzari.
   289 | D:1      | Gained mutation: You have a pair of small antennae on your head. [demonic ancestry]
   289 | D:1      | Reached XP level 2. HP: 10/19 MP: 3/6
   299 | D:1      | Became a worshipper of Ashenzari the Shackled
   312 | D:1      | Slain by a hobgoblin

Vault maps used:
D:1:      eino_arrival_tree_alley, evilmike_ruin_ashenzari

Action                   || total
-------------------------++-------
Melee: Unarmed           ||    10
       Dagger            ||    18
 Cast: Magic Dart        ||    12
 Stab: Sleeping          ||     2
